 Dungeon Crawl Stone Soup version 0.17.1-3-g152610e (webtiles) character file.

884 Locuples the Slasher (level 7, 0/56 HPs)
             Began as a Demonspawn Gladiator on Apr 13, 2016.
             Slain by a giant frog skeleton (5 damage)
             ... on level 6 of the Dungeon.
             The game lasted 00:15:42 (3858 turns).

Locuples the Slasher (Demonspawn Gladiator)         Turns: 3858, Time: 00:15:44

Health: 0/56       AC:  9    Str: 20    XL:     7   Next: 76%
Magic:  7/7        EV:  8    Int:  9    God:
Gold:   233        SH:  0    Dex: 11    Spells: 0 memorised, 6 levels left

rFire  . . .     SeeInvis .     a - +0 long sword
rCold  . . .     Clarity  .     m - +0 chain mail
rNeg   . . .     SustAt   .     (no shield)
rPois  +         Gourm    .     c - +0 helmet
rElec  .         Spirit   .     (no cloak)
rCorr  .         Warding  .     (no gloves)
rMut   .         Stasis   .     (no boots)
MR     .....                    (no amulet)
Stlth  ..........               (no ring)
                                q - ring of poison resistance

@: confused, exhausted, slowed, very slow, not resistant to hostile
enchantments, extremely unstealthy
A: hooves 1, large bone plates 2, clumsy 1, deformed body, powered by pain 1,
strong 1
a: no special abilities


You were on level 6 of the Dungeon.
You were hungry.

You visited 1 branch of the dungeon, and saw 6 of its levels.

You collected 233 gold pieces.

Inventory:

Hand Weapons
 a - a +0 long sword (weapon)
Missiles
 d - 3 throwing nets (quivered)
Armour
 c - a +0 helmet (worn)
 m - a +0 chain mail (worn)
Jewellery
 q - a ring of poison resistance (left hand)
Wands
 n - a wand of flame (22)
Scrolls
 f - a scroll of magic mapping {unknown}
 h - a scroll of enchant armour {unknown}
 j - 3 scrolls of remove curse {unknown}
 o - 2 scrolls of identify {unknown}
 t - a scroll of recharging {unknown}
Potions
 b - a potion of mutation
 g - a potion of cure mutation {unknown}
 l - a potion of beneficial mutation {unknown}
 p - a potion of berserk rage
 r - a potion of agility {unknown}
 s - a potion of heal wounds {unknown}
Comestibles
 e - 3 bread rations
 i - a chunk of flesh


   Skills:
 + Level 5.1 Fighting
 + Level 5.9 Long Blades
 - Level 1.7 Throwing
 + Level 4.1 Armour
 - Level 2.6 Dodging


You had 6 spell levels left.
You didn't know any spells.

Dungeon Overview and Level Annotations

Branches:
Dungeon (7/15)
 Temple: D:4-7

Altars:
Makhleb
Nemelex Xobeh
Zin


Innate Abilities, Weirdness & Mutations

You have large cloven feet.
You are mostly covered in large bone plates (AC +3, SH +3).
You sometimes gain a little power by taking damage.
You are clumsy. (Dex -2)
Armour fits poorly on your strangely shaped body.
Your muscles are strong. (Str +2)


Message History

You are too berserk!
You feel a strong urge to attack something.
You feel your anger subside.
You are no longer berserk.
You are exhausted.
You feel yourself slow down.
You are feeling hungry.
You open the door. 2 orcs, an orc priest, an orc wizard and a skeleton come into view.
The orc shouts!
The orc wizard shouts!
The orc priest shouts!
The orc shouts!
Found 9 gold pieces.
Drink which item? (? for menu, Esc to quit)
It was a potion of ambrosia.
You are confused.
You feel invigorated. The giant frog skeleton hits you.
* * * LOW HITPOINT WARNING * * *
The iguana bites you.
* * * LOW HITPOINT WARNING * * *
The giant frog skeleton hits you.
You die...

#........ +.......
#...S.. +o$o..
#.o.. .o. #Z#
###### #@# #.....
#l#
#.....#####o##.#.#
+.....oo...........
#.....o####.##.#...
#......o# #.# +
#.......# #.#
#####...###.#
##o...#.#


You could see a water moccasin (wandering), an iguana, an orc priest, 2 orc
wizards, 2 orcs and a giant frog skeleton.

Vanquished Creatures
  Sigmund (D:2)
  A centaur (D:7)
  A giant frog (D:6)
  A scorpion (D:4)
  A centaur zombie (D:6)
  A hound (D:4)
  An iguana (D:7)
  2 orc wizards (D:3)
  3 iron imps (D:4)
  Terence (D:2)
  Natasha (twice) (D:2)
  A worker ant (D:3)
  Robin (D:2)
  4 gnolls
  7 adders
  An ooze (D:3)
  An adder skeleton (D:4)
  3 worms
  3 giant geckos
  12 orcs
  2 giant cockroaches
  7 hobgoblins
  10 jackals
  10 kobolds
  5 bats
  A giant newt (D:2)
  14 goblins
  2 quokkas
  8 rats
107 creatures vanquished.

Notes
Turn   | Place    | Note
--------------------------------------------------------------
     0 | D:1      | Locuples the Demonspawn Gladiator began the quest for the Orb.
     0 | D:1      | Reached XP level 1. HP: 16/16 MP: 1/1
     6 | D:1      | You fall through a shaft!
    10 | D:2      | Noticed Terence
    33 | D:2      | Killed Terence
    33 | D:2      | Reached skill level 3 in Long Blades
    33 | D:2      | Gained mutation: You are partially covered in large bone plates (AC +2, SH +2). [demonic ancestry]
    33 | D:2      | Reached XP level 2. HP: 8/23 MP: 2/2
    37 | D:2      | Gained mutation: You have large cloven feet. [demonic ancestry]
    37 | D:2      | Reached XP level 3. HP: 10/28 MP: 3/3
   302 | D:1      | Found a sparkling altar of Nemelex Xobeh.
   986 | D:2      | Noticed Natasha
  1011 | D:2      | Killed Natasha
  1011 | D:2      | Reached XP level 4. HP: 20/35 MP: 4/4
  1029 | D:1      | Reached skill level 4 in Long Blades
  1315 | D:2      | Reached skill level 1 in Armour
  1481 | D:2      | Noticed Sigmund
  1491 | D:2      | Killed Sigmund
  1491 | D:2      | Gained mutation: You sometimes gain a little power by taking damage. [demonic ancestry]
  1491 | D:2      | Reached XP level 5. HP: 39/42 MP: 5/5
  1491 | D:2      | Reached XP level 6. HP: 44/48 MP: 6/6
  1523 | D:2      | Noticed Robin
  1530 | D:2      | Killed Robin
  1683 | D:2      | Noticed Natasha
  1690 | D:2      | Killed Natasha
  2056 | D:2      | Reached skill level 5 in Long Blades
  2357 | D:3      | Found a glowing silver altar of Zin.
  3310 | D:4      | Gained mutation: You are mostly covered in large bone plates (AC +3, SH +3). [demonic ancestry]
  3310 | D:4      | Reached XP level 7. HP: 53/55 MP: 7/7
  3423 | D:4      | Found a burning altar of Makhleb.
  3778 | D:4      | You fall through a shaft for 3 floors!
  3844 | D:6      | Gained mutation: Your muscles are strong. (Str +2) [potion of mutation]
  3844 | D:6      | Gained mutation: You are clumsy. (Dex -2) [potion of mutation]
  3844 | D:6      | Gained mutation: Armour fits poorly on your strangely shaped body. [potion of mutation]
  3849 | D:6      | Reached skill level 5 in Fighting
  3858 | D:6      | Slain by a giant frog skeleton

Action                   |  1- 3 |  4- 6 |  7- 9 || total
-------------------------+-------+-------+-------++-------
Melee: Long sword        |    90 |   279 |    72 ||   441
  Use: Potion            |     2 |       |     5 ||     7
  Eat: Chunk             |       |     8 |     2 ||    10
